 Dungeon Crawl Stone Soup version 0.28-a0-79-g444c7a33f5 (webtiles) character file.

Game seed: 1679388248208864325

23170 mcsnuffy the Thaumaturge (level 12, -5/73 HPs)
             Began as a Deep Elf Conjurer on Aug 2, 2021.
             Was a High Priest of Vehumet.
             Slain by a reaper (30 damage)
             ... in an ice cave.
             The game lasted 01:44:09 (13915 turns).

mcsnuffy the Thaumaturge (Deep Elf Conjurer)       Turns: 13915, Time: 01:44:10

Health: -5/73      AC:  9    Str:  7    XL:     12   Next: 69%
Magic:  2/32       EV: 18    Int: 32    God:    Vehumet [*****.]
Gold:   713        SH:  9    Dex: 11    Spells: 12/39 levels left

rFire   . . .      SeeInvis .   x - +5 dagger of Vielixux {freeze, rC++ rCorr Dex-2 Stlth+}
rCold   + + .      Faith    .   d - +0 buckler
rNeg    . . .      Spirit   .   Q - +0 troll leather armour
rPois   .          Reflect  +   b - +2 hat {Will+}
rElec   .          Harm     .   (no cloak)
rCorr   +          Rampage  .   K - +1 pair of gloves {archery}
Will    ++...                   s - +0 pair of boots
Stlth   ++++......              D - amulet of reflection
HPRegen 1.22/turn               E - +4 ring of evasion
MPRegen 0.23/turn               I - +6 ring of intelligence

@: about to teleport, very slightly contaminated, studying Short Blades
A: no striking features
a: Renounce Religion


You were in an ice cave.
You worshipped Vehumet.
Vehumet was extremely pleased with you.
You visited 2 branches of the dungeon, and saw 12 of its levels.
You also visited: Bailey and Ice Cave.

You collected 713 gold pieces.


   Skills:
 + Level 7.8 Fighting
 + Level 9.0 Dodging
 - Level 6.0 Stealth
 - Level 2.0 Shields
 - Level 14.0 Spellcasting
 - Level 9.3 Conjurations
 - Level 10.0 Hexes
 - Level 7.0 Summonings
 - Level 3.0 Fire Magic
 - Level 3.0 Earth Magic


You had 12 spell levels left.
You knew the following spells:

 Your Spells              Type           Power      Damage    Failure   Level
b - Bolt of Magma         Conj/Fire/Erth 26%        4d12      3%          5
c - Call Canine Familiar  Summ           61%        N/A       1%          3
d - Dazzling Flash        Conj/Hex       100%       N/A       1%          3
f - Fulminant Prism       Conj/Hex       35%        3d18      1%          4
m - Magic Dart            Conj           100%       1d8       1%          1
s - Searing Ray           Conj           100%       3d7       1%          2
v - Summon Mana Viper     Hex/Summ       67%        N/A       3%          5
X - Iskenderun's Mystic   Conj/Tloc      51%        2d11      1%          4

Your spell library contained the following spells:

 Spells                   Type           Power      Damage    Failure   Level
 Orb of Destruction       Conj           35%        9d13      17%         7
 Mephitic Cloud           Conj/Pois/Air  42%        N/A       1%          3
 Portal Projectile        Hex/Tloc       100%       N/A       1%          3
 Ignite Poison            Fire/Tmut/Pois 28%        N/A       2%          3
 Leda's Liquefaction      Hex/Erth       29%        N/A       2%          4
 Beastly Appendage        Tmut           44%        N/A       3%          1
 Wereblood                Tmut           22%        N/A       6%          2
 Gell's Gravitas          Tloc           11%        N/A       12%         3
 Lesser Beckoning         Tloc           11%        N/A       12%         3
 Ozocubu's Armour         Ice            22%        N/A       12%         3
 Spider Form              Tmut/Pois      11%        N/A       12%         3
 Teleport Other           Tloc           22%        N/A       12%         3
 Metabolic Englaciation   Hex/Ice        26%        N/A       14%         5
 Summon Forest            Summ/Tloc      22%        N/A       26%         5
 Shadow Creatures         Summ           N/A        N/A       32%         6
 Simulacrum               Ice/Necr       11%        N/A       99%         6

Inventory:

Hand Weapons
 x - the +5 dagger of Vielixux (weapon) {freeze, rC++ rCorr Dex-2 Stlth+}
   (You found it on level 4 of the Dungeon)

   It freezes those it strikes, dealing additional cold damage.
   It can also slow down cold-blooded creatures.
   Dex:       It affects your dexterity (-2).
   rC:        It greatly protects you from cold.
   rCorr:     It protects you from acid and corrosion.
   Stlth:     It makes you more stealthy.
Armour
 b - a +2 hat of willpower (worn)
 d - a +0 buckler (worn)
 g - +0 acid dragon scales
 s - a +0 pair of boots (worn)
 K - a +1 pair of gloves of archery (worn)
 Q - a +0 troll leather armour (worn)
 V - a +0 pair of gloves of dexterity
Magical Staves
 a - a staff of poison {!a}
 l - a staff of death {!a}
 p - a staff of air {!a}
Jewellery
 e - a +4 ring of evasion
 v - a ring of see invisible
 D - an amulet of reflection (around neck)
 E - a +4 ring of evasion (left hand)
 I - a +6 ring of intelligence (right hand)
 P - a ring of poison resistance
 S - a +6 ring of strength
 U - an amulet of the acrobat
 W - a ring of willpower
Wands
 i - a wand of polymorph (7)
 w - a wand of flame (33)
 J - a wand of charming (22)
 T - a wand of paralysis (6)
 Y - a wand of digging (8)
Scrolls
 c - 2 scrolls of brand weapon {unknown}
 f - 2 scrolls of silence {unknown}
 j - 2 scrolls of noise
 k - 2 scrolls of immolation
 o - a scroll of enchant weapon {unknown}
 r - 2 scrolls of fog
 A - a scroll of enchant armour {unknown}
 C - 2 scrolls of fear
 G - 7 scrolls of teleportation {@r2}
 H - 3 scrolls of magic mapping
 N - a scroll of summoning {unknown}
 O - a scroll of holy word {unknown}
Potions
 h - 10 potions of curing {@q1}
 m - 8 potions of degeneration
 n - a potion of flight
 q - 2 potions of heal wounds {@q2}
 t - a potion of berserk rage {unknown}
 u - a potion of brilliance
 z - 3 potions of magic
 B - 2 potions of haste {@q3}
 F - a potion of lignification
 L - 3 potions of cancellation
 M - 2 potions of attraction
 R - 3 potions of might
Miscellaneous
 y - a piece from Xom's chessboard (15/15)
 X - a condenser vane

Dungeon Overview and Level Annotations

Branches:
Dungeon (11/15)            Temple (1/1) D:4            Lair (0/6) D:8
    Orc (0/2) D:10         Bailey (visited)           IceCv (1/1)

Altars:
Gozag
Kikubaaqudgha
Makhleb
Okawaru
Qazlal
Ru
Sif Muna
Trog
Vehumet
Wu Jian
Xom
Yredelemnul
Zin
The Shining One

Shops:
D:2 (

Annotations:
D:10 3 runed translucent doors, exclusion: door

##.###..###
#..##≈≈#####
#..#...##
##..#≈≈##...#
#..#..##
##.☼.#≈≈≈#.⌠[#
.#...##
##.°...≈#≈#...#
.##.##
#..§§☼.#≈...###
#####
##.§☼§##.#..#
#..○.§#2.#.##
#.....#Z##..#
##....#@###.#
##...##Z#.##
##..##....#
#.####.#.# #∩#
###.## #.# ##.#
..# ##2# #.Z#
#.##


You could see a reaper, a dire elephant simulacrum and a two-headed ogre
simulacrum.


Message History

The dire elephant simulacrum is heavily damaged. (Press . to maintain the ray.)
The searing ray hits the dire elephant simulacrum!
The dire elephant simulacrum is almost destroyed.
The dire elephant simulacrum tramples you!
The dire elephant simulacrum freezes you!
You resist.
The dire elephant simulacrum trunk-slaps you but does no damage.
As you read the scroll of teleportation {@r2}, it crumbles to dust.
You feel strangely unstable. You block the reaper's attack.
The dire elephant simulacrum closely misses you.
The dire elephant simulacrum trunk-slaps you!
The dire elephant simulacrum freezes you!
You resist.
* * * LOW HITPOINT WARNING * * *
The two-headed ogre simulacrum barely misses you.
The two-headed ogre simulacrum hits you.
* * * LOW HITPOINT WARNING * * *
The two-headed ogre simulacrum freezes you!
You resist.
* * * LOW HITPOINT WARNING * * *
Casting: Searing Ray (safe; 1% risk of failure)
Confirm with . or Enter, or press ? or * to list all spells.
You miscast Iskenderun's Mystic Blast.
You are very lightly contaminated with residual magic.
Nothing appears to happen.
You block the dire elephant simulacrum's attack.
The dire elephant simulacrum misses you.
The reaper hits you from afar with a +1 scythe of freezing!!
You die...

Skill      XL: |  1  2  3  4  5  6  7  8  9 10 11 12 |
---------------+-------------------------------------+-----
Shields        | 1 2 |  2.0
Conjurations   | 5 6 8 9 |  9.3
Spellcasting   | 5 6 7 9 13 14 | 14.0
Fighting       | 1 2 4 7 |  7.8
Stealth        | 5 6 |  6.0
Dodging        | 5 7 9 |  9.0
Hexes          | 5 6 9 10 | 10.0
Summonings     | 1 4 6 7 |  7.0
Fire Magic     | 3 |  3.0
Earth Magic    | 3 |  3.0

Action                   |  1- 3 |  4- 6 |  7- 9 | 10-12 || total
-------------------------+-------+-------+-------+-------++-------
Melee: Trident           |     1 |       |       |       ||     1
       Dagger            |       |       |     4 |    46 ||    50
Throw: Javelin           |       |       |       |     6 ||     6
       Throwing net      |       |       |       |     6 ||     6
 Cast: Magic Dart        |    85 |    65 |   165 |   298 ||   613
       Searing Ray       |     2 |    12 |    27 |    69 ||   110
       Fulminant Prism   |       |       |    12 |    46 ||    58
       Dazzling Flash    |       |       |       |     3 ||     3
       Summon Mana Viper |       |       |       |    12 ||    12
       Bolt of Magma     |       |       |       |    10 ||    10
       Iskenderun's Myst |       |       |       |     5 ||     5
Evoke: Wand              |       |     4 |     3 |       ||     7
  Use: Scroll            |       |     3 |       |    11 ||    14
       Potion            |       |       |       |     9 ||     9
 Stab: Sleeping          |       |       |     2 |       ||     2
       Held in net/web   |       |       |       |     2 ||     2
       Invisible         |       |       |       |     2 ||     2
Armor: Robe              |     6 |     2 |     6 |       ||    14
       Troll leather arm |       |       |       |    64 ||    64
Dodge: Dodged            |     4 |     3 |    40 |   140 ||   187
Block: Buckler           |     4 |       |    11 |    69 ||    84
       Reflection        |       |       |       |     1 ||     1

Levels and vault maps discovered:
D:1:      mrwooster_arrival_statue_2, layout_loops_ring, serial_glass,
          glass_columns_c, glass_columns_a, glass_columns_a, glass_columns_c,
          glass_columns_a, glass_columns_a, glass_columns_b, glass_columns_b,
          hangedman_decor_clover_reticule
D:2:      cheibrodos_old_hovel, layout_rooms, hellmonk_ecumenical_altar_run_dry,
          serial_shops, nicolae_shop_behind_doors, minmay_misc_feat_nine_boxes,
          chequers_serial_rivers_micro_b, minmay_misc_feat_four_crosses
D:3:      layout_basic
D:4:      layout_basic, old_standard_altar, jmf_multi_god_temple, temple_hall,
          uniq_robin, uniq_grinder, uniq_natasha
D:5:      layout_rooms, nicolae_overflow_hidden_temple,
          mainiacjoe_overflow_24_doors, gammafunk_ghost_nasty_kobolds,
          minmay_manual_moon
D:6:      layout_rooms, grunt_decor_junction
D:7:      layout_cave_pools, nzn_wu_jian_contemplation, zin_treasury, trog_book,
          uniq_maggie, uniq_pikel
D:8:      layout_cave_pods, mainiacjoe_overflow_alcove_4, erik_lair_island,
          lemuel_flame_loot_1
D:9:      layout_cave_pools, enter_bailey_5, minivault_15, nicolae_wwwww,
          uniq_joseph
D:10:     kennysheep_spiral_hall, layout_basic, orc_0_dummy, st_stairs_14,
          minmay_statue_crystal_thing, uniq_snorg
D:11:     layout_roguey, serial_shops, shop, portal_ice_cave_entry_pillars_2,
          kennysheep_kite_vault, uniq_josephine
Temple:   oiseaux_autumnal_temple
IceCv:    ice_cave_caverns_03

Notes
Turn   | Place    | Note
-------+----------+-------------------------------------------
     0 | D:1      | mcsnuffy the Deep Elf Conjurer began the quest for the Orb.
     0 | D:1      | Reached XP level 1. HP: 10/10 MP: 6/6
   389 | D:1      | Reached skill level 1 in Shields
   445 | D:1      | Reached XP level 2. HP: 15/15 MP: 6/8
  1104 | D:2      | Reached skill level 2 in Shields
  1202 | D:2      | Found a faded altar of an unknown god.
  1254 | D:2      | Reached XP level 3. HP: 19/19 MP: 6/9
  1348 | D:2      | Learned a level 2 spell: Searing Ray
  1442 | D:2      | Reached skill level 5 in Conjurations
  1831 | D:2      | Found Xik Yrente's Weapon Shoppe.
  2003 | D:3      | Reached XP level 4. HP: 24/24 MP: 6/11
  2179 | D:3      | Reached skill level 4 in Spellcasting
  2992 | D:3      | Reached skill level 5 in Spellcasting
  3137 | D:3      | Reached skill level 1 in Fighting
  3137 | D:3      | Reached XP level 5. HP: 29/29 MP: 11/14
  3226 | D:4      | Noticed Robin
  3232 | D:4      | Killed Robin
  3437 | D:4      | Identified the +5 dagger of Vielixux {freeze, rC++ rCorr
                  | Dex-2 Stlth+}
  3457 | D:4      | Found a stormy altar of Qazlal.
  3502 | D:4      | Reached skill level 2 in Fighting
  3502 | D:4      | Reached skill level 3 in Stealth
  3561 | D:4      | Reached skill level 4 in Stealth
  3626 | D:4      | Noticed a black bear
  3639 | D:4      | Killed a black bear
  3640 | D:4      | Reached skill level 5 in Stealth
  3640 | D:4      | Reached XP level 6. HP: 35/35 MP: 7/15
  3647 | D:4      | Reached skill level 3 in Dodging
  3730 | D:4      | Noticed Natasha
  3735 | D:4      | Killed Natasha
  3819 | D:4      | Found a staircase to the Ecumenical Temple.
  3828 | Temple   | Entered the Ecumenical Temple
  3860 | Temple   | Became a worshipper of Vehumet
  3919 | D:4      | Found an opulent altar of Gozag.
  3919 | D:4      | Found a sacrificial altar of Ru.
  3955 | D:4      | Noticed Grinder
  3965 | D:4      | Killed Grinder
  3966 | D:4      | Reached skill level 5 in Dodging
  3966 | D:4      | Reached XP level 7. HP: 40/40 MP: 5/16
  4414 | D:4      | Noticed Natasha
  4417 | D:4      | Killed Natasha
  4418 | D:4      | Reached skill level 3 in Fighting
  4560 | D:4      | Found an opulent altar of Gozag.
  4562 | D:4      | Found a sacrificial altar of Ru.
  4738 | D:4      | Noticed Natasha
  4747 | D:4      | Killed Natasha
  4795 | D:4      | Found a staircase to the Ecumenical Temple.
  4845 | D:5      | Entered Level 5 of the Dungeon
  4911 | D:5      | Found a runed translucent gate.
  4911 | D:5      | Found a runed translucent gate.
  4912 | D:5      | Found a runed translucent gate.
  4913 | D:5      | Found an iron altar of Okawaru.
  4966 | D:5      | Reached skill level 4 in Fighting
  5140 | D:5      | Noticed DocClef's ghost (weakling GnDe)
  5149 | D:5      | Learned a level 4 spell: Fulminant Prism
  5153 | D:5      | Learned a level 3 spell: Call Canine Familiar
  5158 | D:5      | Learned a level 4 spell: Iskenderun's Mystic Blast
  5208 | D:5      | Reached skill level 6 in Spellcasting
  5392 | D:5      | Noticed a vampire mosquito
  5438 | D:5      | Reached XP level 8. HP: 48/48 MP: 16/20
  5457 | D:5      | Reached skill level 7 in Spellcasting
  5457 | D:5      | Reached skill level 2 in Hexes
  5477 | D:5      | Reached skill level 4 in Hexes
  5652 | D:5      | Reached skill level 5 in Hexes
  5654 | D:5      | Noticed a two-headed ogre
  5819 | D:6      | Reached skill level 6 in Dodging
  6212 | D:6      | Reached skill level 6 in Conjurations
  6339 | D:6      | Reached skill level 7 in Dodging
  6487 | D:5      | Reached XP level 9. HP: 52/52 MP: 8/21
  6764 | D:5      | Killed a two-headed ogre
  6765 | D:5      | Reached skill level 8 in Dodging
  6765 | D:5      | Reached skill level 7 in Conjurations
  6829 | D:5      | Reached * piety under Vehumet
  6829 | D:5      | Offered knowledge of Shock by Vehumet.
  6830 | D:5      | Reached skill level 8 in Conjurations
  6899 | D:5      | Found a basalt altar of Yredelemnul.
  7007 | D:5      | Killed DocClef's ghost
  7278 | D:6      | Reached skill level 9 in Dodging
  7423 | D:7      | Noticed Pikel
  7430 | D:7      | Killed Pikel
  7431 | D:7      | Reached skill level 6 in Stealth
  7431 | D:7      | Reached skill level 8 in Spellcasting
  7447 | D:7      | Noticed a troll
  7448 | D:7      | Reached skill level 9 in Spellcasting
  7448 | D:7      | Reached skill level 1 in Summonings
  7791 | D:7      | Killed a troll
  7792 | D:7      | Reached skill level 6 in Hexes
  7792 | D:7      | Reached XP level 10. HP: 56/56 MP: 11/25
  8049 | D:7      | Reached skill level 7 in Hexes
  8051 | D:7      | Noticed Maggie
  8063 | D:7      | Killed Maggie
  8243 | D:7      | Offered knowledge of Foxfire by Vehumet.
  8362 | D:7      | Reached ** piety under Vehumet
  8487 | D:7      | Reached skill level 9 in Conjurations
  8541 | D:7      | You fall into a shaft and drop 2 floors!
  8583 | D:9      | Found a flagged portal.
  8593 | Bailey   | Entered a bailey
  8606 | Bailey   | Learned a level 3 spell: Dazzling Flash
  8611 | Bailey   | Noticed an orc warlord
  8653 | Bailey   | Acquired a book of the Dryads
  8661 | Bailey   | Learned a level 5 spell: Summon Mana Viper
  8679 | Bailey   | Offered knowledge of Stone Arrow by Vehumet.
  8687 | Bailey   | Reached skill level 2 in Summonings
  8891 | Bailey   | Found a runed translucent gate.
  8892 | Bailey   | Found a runed translucent gate.
  8919 | Bailey   | Found a runed translucent gate.
  9094 | Bailey   | Killed an orc warlord
  9095 | Bailey   | Reached skill level 9 in Hexes
  9095 | Bailey   | Reached skill level 4 in Summonings
  9132 | Bailey   | Reached skill level 13 in Spellcasting
  9132 | Bailey   | Reached XP level 11. HP: 61/61 MP: 17/30
  9145 | Bailey   | Acquired a +2 hat of willpower
  9465 | D:9      | Reached skill level 5 in Summonings
  9547 | D:9      | Noticed Joseph
  9561 | D:9      | Killed Joseph
  9561 | D:9      | Reached *** piety under Vehumet
  9990 | D:8      | Found a shimmering blue altar of Sif Muna.
 10208 | D:8      | Reached skill level 10 in Hexes
 10209 | D:8      | Reached skill level 6 in Summonings
 10293 | D:8      | Offered knowledge of Ignite Poison by Vehumet.
 10345 | D:8      | Found a staircase to the Lair.
 10360 | D:8      | Reached XP level 12. HP: 55/66 MP: 21/31
 10966 | D:7      | Reached skill level 7 in Summonings
 11117 | D:7      | Found a bloodstained altar of Trog.
 11149 | D:7      | Found an ornate altar of the Wu Jian Council.
 11226 | D:7      | Found a glowing silver altar of Zin.
 11414 | D:10     | Entered Level 10 of the Dungeon
 11452 | D:10     | Found a runed translucent door.
 11471 | D:10     | Found a runed translucent door.
 11496 | D:10     | Noticed Snorg
 11694 | D:10     | Killed Snorg
 11788 | D:10     | Reached skill level 5 in Fighting
 12034 | D:10     | Reached **** piety under Vehumet
 12035 | D:10     | Reached skill level 6 in Fighting
 12047 | D:10     | Reached skill level 14 in Spellcasting
 12114 | D:10     | Noticed a boulder beetle
 12137 | D:10     | Killed a boulder beetle
 12470 | D:10     | Found a staircase to the Orcish Mines.
 12539 | D:10     | Offered knowledge of Lee's Rapid Deconstruction by Vehumet.
 12783 | D:10     | Noticed a two-headed ogre
 12800 | D:10     | Reached skill level 7 in Fighting
 12865 | D:10     | Found a runed translucent door.
 12882 | D:10     | Found a runed translucent door.
 13055 | D:11     | Found a frozen archway.
 13082 | D:11     | Learned a level 5 spell: Bolt of Magma
 13087 | IceCv    | Entered an ice cave
 13138 | IceCv    | Reached skill level 1 in Fire Magic
 13138 | IceCv    | Reached skill level 1 in Earth Magic
 13149 | IceCv    | Identified a +2 crystal plate armour of cold resistance
 13383 | IceCv    | Reached skill level 2 in Fire Magic
 13383 | IceCv    | Reached skill level 2 in Earth Magic
 13516 | IceCv    | Reached ***** piety under Vehumet
 13516 | IceCv    | Offered knowledge of Orb of Destruction by Vehumet.
 13670 | IceCv    | Reached skill level 3 in Fire Magic
 13670 | IceCv    | Reached skill level 3 in Earth Magic
 13780 | IceCv    | Noticed a reaper
 13915 | IceCv    | Slain by a reaper

Vanquished Creatures
  An orc warlord (Bailey)
  A boulder beetle (D:10)
  A two-headed ogre (D:5)
  An orange crystal statue (D:10)
  Pikel (D:7)
  Joseph (D:9)
  Maggie (D:7)
  2 ice statues
  3 anaconda simulacra (IceCv)
  2 trolls
  2 hornets
  Grinder (D:4)
  A meliai zombie (D:10)
  2 wraiths (D:10)
  2 wyverns
  3 yaks (D:10)
  2 dire elephant simulacra (IceCv)
  2 death yak simulacra (IceCv)
  2 vampire mosquitoes (D:5)
  An acid dragon (D:9)
  A water moccasin (D:7)
  3 black bears
  3 ice beasts
  A sky beast (D:5)
  7 orc warriors
  A necrophage (D:5)
  4 wolves (D:8)
  3 ogres (D:5)
  5 centaurs
  A lemure (D:7)
  2 kobold brigands
  3 bullfrogs
  3 scorpions
  9 two-headed ogre simulacra (IceCv)
  3 cane toad simulacra (IceCv)
  A water moccasin zombie (D:5)
  A wyvern skeleton (D:7)
  6 wights (D:7)
  2 elephant simulacra (IceCv)
  7 electric eels
  A bullfrog zombie (D:6)
  6 hounds
  7 centaur zombies
  3 jellies
  9 orc priests
  A centaur skeleton (D:5)
  Natasha (thrice) (D:4)
  2 iguanas
  6 orc wizards
  5 spriggan simulacra (IceCv)
  4 polar bear simulacra (IceCv)
  5 troll simulacra (IceCv)
  2 wolf simulacra (IceCv)
  A hound skeleton (D:4)
  A howler monkey zombie (D:11)
  Robin (D:4)
  6 gnolls
  9 adders
  7 naga simulacra (IceCv)
  2 white imps
  3 ufetubi (IceCv)
  An adder zombie (D:5)
  2 worms (D:2)
  The ghost of DocClef the Covert, a weakling GnDe of Okawaru (D:5)
  2 dart slugs
  36 orcs
  10 endoplasms
  3 giant cockroaches (D:2)
  18 goblins
  9 hobgoblins
  5 jackals
  A quokka (D:2)
  2 ball pythons
  9 bats
  2 frilled lizards
  32 kobolds
  4 rats
319 creatures vanquished.

Vanquished Creatures (collateral kills)
  Snorg (D:10)
  A gargoyle (D:10)
  A troll (D:10)
  3 yaks (D:10)
6 creatures vanquished.

Vanquished Creatures (others)
  A wyvern (D:8)
  58 fulminant prisms
59 creatures vanquished.

Grand Total: 384 creatures vanquished

Table legend: (Time is in decaauts)
 A = Elapsed time spent in this place.
 B = Non-inter-level travel time spent in this place.
 C = Inter-level travel time spent in this place.
 D = Time resting spent in this place.
 E = Time spent auto-exploring this place.
 F = Levels seen in this place.
 G = Mean time per level.
                   A        B        C        D        E       F      G
               +--------+--------+--------+--------+--------+-----+--------+
         Total |  13956 |  13511 |    445 |   2069 |   7972 |  14 |  996.9 |
       Dungeon |  12486 |  12067 |    419 |   1830 |   7711 |  11 | 1135.1 |
        Temple |     61 |     35 |     26 |      0 |     24 |   1 |   61.0 |
        Bailey |    571 |    571 |      0 |    136 |      0 |   1 |  571.0 |
      Ice Cave |    836 |    836 |      0 |    103 |    236 |   1 |  836.0 |
               +--------+--------+--------+--------+--------+-----+--------+

Top non-repeatable levels by time:
     D:4: 1596 daAuts
    D:10: 1588 daAuts
     D:5: 1402 daAuts
     D:3: 1379 daAuts
     D:6: 1343 daAuts
     D:7: 1152 daAuts
     D:1: 1084 daAuts
     D:8: 1069 daAuts
     D:9: 996 daAuts
     D:2: 839 daAuts
   IceCv: 836 daAuts
  Bailey: 571 daAuts
  Temple: 61 daAuts
    D:11: 32 daAuts

Table legend:
 A = Non-vault XP
 B = Vault XP
 C = Vault XP percentage of total XP
 D = Non-vault monster count
 E = Vault monster count
 F = Vault count percentage of total count
                 A         B        C        D         E       F
            +---------+---------+-------+---------+---------+-------
      Total |   10448 |   13507 |  56.4 |     194 |     130 |  40.1
            +---------+---------+-------+---------+---------+-------
        D:1 |      23 |       0 |   0.0 |      16 |       0 |   0.0
        D:2 |      55 |       5 |   8.3 |      22 |       1 |   4.3
        D:3 |     113 |       0 |   0.0 |      19 |       0 |   0.0
        D:4 |     414 |     343 |  45.3 |      13 |      15 |  53.6
        D:5 |    1237 |    1402 |  53.1 |      23 |      16 |  41.0
        D:6 |     566 |       0 |   0.0 |      15 |       0 |   0.0
        D:7 |    1764 |    1032 |  36.9 |      30 |       2 |   6.2
        D:8 |    1337 |     883 |  39.8 |      20 |       8 |  28.6
        D:9 |     803 |     865 |  51.9 |       9 |       6 |  40.0
       D:10 |    4120 |    2859 |  41.0 |      26 |       7 |  21.2
       D:11 |      16 |       0 |   0.0 |       1 |       0 |   0.0
     Bailey |       0 |    2135 | 100.0 |       0 |      27 | 100.0
      IceCv |       0 |    3983 | 100.0 |       0 |      48 | 100.0
            +---------+---------+-------+---------+---------+-------
